 Dungeon Crawl Stone Soup version 0.29.0-4-gdea44cf6ec (webtiles) character file.

Game seed: 15444344350951006235

1156 FluffGlitter the Shooter (level 8, -5/94 HPs)
             Began as a Hill Orc Hunter on Aug 27, 2022.
             Was a Follower of Hepliaklqana.
             Slain by an orc warrior
             ... wielding a +0 flail
              (7 damage)
             ... on level 4 of the Dungeon.
             The game lasted 00:19:13 (5510 turns).

FluffGlitter the Shooter (Hill Orc Hunter)          Turns: 5510, Time: 00:19:13

Health: -5/94      AC: 24    Str: 14    XL:     8   Next: 39%
Magic:  8/8        EV:  2    Int:  9    God:    Hepliaklqana [*.....]
Gold:   259        SH:  0    Dex: 16    Spells: 7/7 levels left

rFire   . . .      SeeInvis .   a - +0 shortbow
rCold   . . .      Faith    .   (shield currently unavailable)
rNeg    . . .      Spirit   .   (body armour currently unavailable)
rPois   +          Reflect  .   (helmet currently unavailable)
rElec   .          Harm     .   (cloak currently unavailable)
rCorr   .          Rampage  .   (gloves currently unavailable)
Will    .....      NoTele   +   (boots currently unavailable)
Stlth   +++.......              (no amulet)
HPRegen 0.25/turn               d - ring of poison resistance
MPRegen 0.11/turn               y - +4 ring of slaying

@: brilliant, tree-form (expiring)
A: stationary, stasis, torment immunity, boosted hp, reduced essence
a: Renounce Religion, Recall Ancestor, Ancestor Identity


You were on level 4 of the Dungeon.
You worshipped Hepliaklqana.
Hepliaklqana was aware of your devotion.
You were a tree.
You visited 1 branch of the dungeon, and saw 6 of its levels.

You collected 259 gold pieces.

Inventory:

Hand Weapons
 a - a +0 shortbow (weapon)
Missiles
 o - 10 poisoned darts
Armour
 c - a +0 leather armour (melded)
 m - a +0 cloak (melded)
 q - a +0 scale mail
 A - a +0 pair of boots (melded)
 D - a +0 helmet (melded)
Jewellery
 d - a ring of poison resistance (left branch)
 l - a ring of magical power
 y - a +4 ring of slaying (right branch)
 B - a ring of flight
Wands
 C - a wand of digging (4)
 G - a wand of mindburst (9)
Scrolls
 b - 3 scrolls of immolation
 e - a scroll of summoning {unknown}
 h - a scroll of noise
 i - a scroll of silence {unknown}
 j - a scroll of poison {unknown}
 k - 7 scrolls of teleportation
 n - 2 scrolls of vulnerability {unknown}
 p - 10 scrolls of identify {unknown}
 s - a scroll of enchant armour {unknown}
 t - 2 scrolls of torment {unknown}
 v - a scroll of blinking {unknown}
 x - a scroll of fear {unknown}
Potions
 f - a potion of brilliance
 g - a potion of curing {unknown}
 r - a potion of berserk rage {unknown}
 u - a potion of haste {unknown}
 w - a potion of heal wounds {unknown}
 z - a potion of lignification
 E - a potion of ambrosia {unknown}
 F - a potion of magic {unknown}


   Skills:
 + Level 5.7 Fighting
 * Level 6.7 Ranged Weapons
 + Level 3.8 Dodging
 + Level 3.8 Stealth


You had 7 spell levels left.
You didn't know any spells.
Your spell library contained the following spells:

 Spells                   Type           Power      Damage    Failure   Level
 Freeze                   Ice            0%         1d3       38%         1
 Static Discharge         Conj/Air       0%         3-3/arc   52%         2
 Dazzling Flash           Conj/Hex       0%         N/A       77%         3
 Frozen Ramparts          Ice            0%         1d1       77%         3
 Hailstorm                Conj/Ice       0%         3d3       99%         4
 Iskenderun's Mystic Bla  Conj/Tloc      0%         2d3       99%         4
 Lightning Bolt           Conj/Air       0%         1d11      100%        5
 Starburst                Conj/Fire      0%         6d3       100%        6
 Maxwell's Capacitive Co  Air            0%         ∞         100%        8


Dungeon Overview and Level Annotations

Branches:
Dungeon (6/15)
 Temple: D:4-7

Altars:
Hepliaklqana

Annotations:
D:6 Blork the orc


Message History

[Y]es or [N]o only, please.
Really attack while wielding your +0 shortbow? [Y]es or [N]o only, please.
Really attack while wielding your +0 shortbow?
Okay, then.
Fire: a) +0 shortbow
Press: ? - help, Q - select action, (/) - cycle Shift-Dir - straight line, f/p - orc warrior
Aim: an orc warrior, wielding a +0 flail and wearing a +0 plate armour (moderately wounded, 69% to hit)
You shoot an arrow. The arrow hits the orc warrior.
The orc warrior is heavily wounded.
The orc warrior hits you but does no damage.
Fire: a) +0 shortbow
Press: ? - help, Q - select action, (/) - cycle Shift-Dir - straight line, f/p - orc warrior
Aim: an orc warrior, wielding a +0 flail and wearing a +0 plate armour (heavily wounded, 69% to hit)
You shoot an arrow.
The arrow hits the orc warrior but does no damage.
The orc warrior is heavily wounded.
The orc warrior hits you but does no damage.
Fire: a) +0 shortbow
Press: ? - help, Q - select action, (/) - cycle Shift-Dir - straight line, f/p - orc warrior
Aim: an orc warrior, wielding a +0 flail and wearing a +0 plate armour (heavily wounded, 69% to hit)
You shoot an arrow. The arrow hits the orc warrior.
The orc warrior is severely wounded.
The orc warrior hits you but does no damage.
Fire: a) +0 shortbow
Press: ? - help, Q - select action, (/) - cycle Shift-Dir - straight line, f/p - orc warrior
Aim: an orc warrior, wielding a +0 flail and wearing a +0 plate armour (severely wounded, 69% to hit)
You shoot an arrow.
The arrow barely misses the orc warrior.
The orc warrior hits you with a +0 flail!
* * * LOW HITPOINT WARNING * * *
Fire: a) +0 shortbow
Press: ? - help, Q - select action, (/) - cycle Shift-Dir - straight line, f/p - orc warrior
Aim: an orc warrior, wielding a +0 flail and wearing a +0 plate armour (severely wounded, 69% to hit)
You shoot an arrow.
The arrow hits the orc warrior but does no damage.
The orc warrior is severely wounded.
Your transformation is almost over.
The orc warrior hits you with a +0 flail!
You die...

#####
##...###...........#
#.### #..##
#..####.....#
#...#######.## ##.##
##....#
####...##..## #..#
##...# ###......#
##.# #...# ##.###.#
#.# ##... #.## #.##
### #####.. ### ##o#
#...... #♣# #######
### # #


You could see an orc warrior.

Vanquished Creatures
  Sigmund (D:2)
  A black bear (D:5)
  2 ogres
  A centaur (D:5)
  3 necrophages
  A scorpion (D:4)
  2 jellies
  2 hounds (D:5)
  2 orc priests (D:5)
  An iguana (D:5)
  8 adders
  A shadow imp (D:5)
  3 worms
  2 dart slugs (D:2)
  4 orcs
  6 endoplasms
  3 giant cockroaches
  6 goblins
  9 hobgoblins
  6 jackals (D:1)
  3 quokkas
  8 ball pythons
  2 bats
  2 frilled lizards
  2 kobolds
  4 rats
85 creatures vanquished.

Vanquished Creatures (collateral kills)
  An orc priest (D:5)
  An orc wizard (D:5)
2 creatures vanquished.

Vanquished Creatures (others)
  An ancestor (D:4)
  2 plants (D:4)
3 creatures vanquished.

Grand Total: 90 creatures vanquished

Notes
Turn   | Place    | Note
-------+----------+-------------------------------------------
     0 | D:1      | FluffGlitter the Hill Orc Hunter began the quest for the
                  | Orb.
     0 | D:1      | Reached XP level 1. HP: 18/18 MP: 1/1
    30 | D:1      | Reached skill level 1 in Stealth
    86 | D:1      | Reached XP level 2. HP: 24/25 MP: 2/2
   570 | D:1      | Found a faded altar of an unknown god.
   570 | D:1      | Noticed an ice devil
   619 | D:1      | Reached XP level 3. HP: 30/30 MP: 3/3
   638 | D:1      | Reached skill level 4 in Ranged Weapons
  1345 | D:2      | Reached XP level 4. HP: 37/38 MP: 4/4
  1451 | D:2      | Noticed Sigmund
  1875 | D:2      | Killed Sigmund
  1876 | D:2      | Reached XP level 5. HP: 17/46 MP: 5/5
  1876 | D:2      | Reached XP level 6. HP: 20/52 MP: 6/6
  2236 | D:3      | Reached skill level 5 in Ranged Weapons
  3007 | D:5      | Entered Level 5 of the Dungeon
  3421 | D:4      | Reached XP level 7. HP: 60/60 MP: 7/7
  3999 | D:4      | Found a hazy altar of Hepliaklqana.
  4006 | D:4      | Became a worshipper of Hepliaklqana the Forgotten
  4576 | D:5      | Reached skill level 5 in Fighting
  4576 | D:5      | Reached skill level 6 in Ranged Weapons
  4671 | D:6      | Noticed Blork the orc
  4988 | D:5      | Reached XP level 8. HP: 55/68 MP: 8/8
  5114 | D:5      | Reached * piety under Hepliaklqana
  5509 | D:4      | HP: 2/94 [orc warrior/+0 flail (8)]
  5510 | D:4      | Slain by an orc warrior

Illustrated notes

Levels and vault maps discovered:
D:1:      onia_arrival_pyramid, layout_loops_cross,
          dreamdust_ecumenical_altar_sealed_demon, minmay_pentomino_r4
D:2:      layout_loops_ring, grunt_decor_clamped, uniq_sigmund
D:3:      layout_basic
D:4:      layout_layer_cave, nicolae_hepliaklqana_hazy_memory,
          nicolae_figureground_sparkle
D:5:      layout_layer_cave, minivault_25
D:6:      layout_loops_ring, minmay_gold_behind_fungi, hangedman_glass_teeth,
          uniq_blork_the_orc, uniq_menkaure

Skill      XL: |  1  2  3  4  5  6  7 |
---------------+----------------------+-----
Stealth        | 1 2 3 |  3.8
Ranged Weapons | 4 5 6 |  6.7
Fighting       | 3 4 5 |  5.7
Dodging        | 2 3 |  3.8

Action                   |  1- 3 |  4- 6 |  7- 9 || total
-------------------------+-------+-------+-------++-------
 Fire: Shortbow          |    98 |    99 |    91 ||   288
Invok: Recall Ancestor   |       |       |     1 ||     1
       Ancestor Identity |       |       |     1 ||     1
  Use: Scroll            |       |       |     2 ||     2
       Potion            |       |       |     2 ||     2
Armor: Leather armour    |     9 |       |     8 ||    17
       Scale mail        |     9 |    26 |     4 ||    39
       Skin              |       |       |    15 ||    15
Dodge: Dodged            |    38 |    29 |    22 ||    89
